 Dungeon Crawl Stone Soup version 0.17.0 (webtiles) character file.

35 CcS the Gusty (level 3, 0/21 HPs)
             Began as a High Elf Air Elementalist on Nov 7, 2015.
             Succumbed to an adder's poison
             ... on level 2 of the Dungeon.
             The game lasted 00:06:03 (1931 turns).

CcS the Gusty (High Elf Air Elementalist)           Turns: 1931, Time: 00:06:03

Health: 0/21       AC:  3    Str:  7    XL:     3   Next: 16%
Magic:  1/7        EV: 13    Int: 18    God:
Gold:   90         SH:  0    Dex: 20    Spells: 3 memorised, 1 level left

rFire  + . .     SeeInvis .     e - +0 hand axe
rCold  + . .     Clarity  .     a - +0 robe
rNeg   . . .     SustAt   .     (no shield)
rPois  +         Gourm    .     (no helmet)
rElec  +         Spirit   .     (no cloak)
rCorr  +         Warding  .     f - +0 pair of gloves {Dex+3}
rMut   .         Stasis   .     (no boots)
MR     .....                    (no amulet)
Stlth  ++........               (no ring)
                                (no ring)

@: lethally poisoned (0 -> -5), swift (expiring), resistant, very quick, not
resistant to hostile enchantments, unstealthy
A: no striking features
a: no special abilities


You were on level 2 of the Dungeon.
You were not hungry.

You visited 1 branch of the dungeon, and saw 2 of its levels.

You collected 90 gold pieces.

Inventory:

Hand Weapons
 e - a +0 hand axe (weapon)
   (You found it on level 1 of the Dungeon)
 h - a +0 club
   (You took it off a hobgoblin on level 1 of the Dungeon)
 i - a +0 club
   (You took it off a hobgoblin on level 1 of the Dungeon)
 j - a +0 whip
   (You took it off a kobold on level 1 of the Dungeon)
Armour
 a - a +0 robe (worn)
 f - a +0 pair of gloves of dexterity (worn)
   (You found it on level 1 of the Dungeon)
 r - a +0 cloak
   (You found it on level 2 of the Dungeon)
Jewellery
 o - a +5 ring of dexterity {unknown}
   (You found it on level 2 of the Dungeon)
Scrolls
 k - a scroll of identify {unknown}
 l - 3 scrolls of remove curse {unknown}
 m - 3 scrolls of teleportation {unknown}
 n - a scroll of enchant armour {unknown}
 p - a scroll of fear {unknown}
 s - a scroll of fog {unknown}
Books
 b - a book of Air
Comestibles
 c - 2 bread rations {@e1}
 d - a meat ration {@e2}
 q - a beef jerky


   Skills:
 + Level 2.1 Dodging
 - Level 2.1 Stealth
 - Level 2.4 Spellcasting
 + Level 3.4 Conjurations
 + Level 0.0 Charms
 - Level 3.6 Air Magic


You had one spell level left.
You knew the following spells:

 Your Spells              Type           Power        Failure   Level  Hunger
a - Shock                 Conj/Air       ##..         4%          1    #......
q - Swiftness             Chrm/Air       #.......     14%         2    ##.....
w - Repel Missiles        Chrm/Air       #.....       14%         2    ##.....


Dungeon Overview and Level Annotations

Branches:
Dungeon (2/15)

Altars:

Annotations:
D:2 Sigmund


Message History

Unknown command.
o - a small wooden ring You see here a leather armour.
You enter the shallow water.
Moving in this stuff is going to be slow.
You enter the shallow water.
Moving in this stuff is going to be slow.
You now have 90 gold pieces (gained 11).
Found a stone staircase leading down.
l - 3 scrolls labeled CARGHY LIOGAGH (gained 1)
s - a scroll labeled GECUG DUZXAINU
Found a stone staircase leading down.
There is a stone staircase leading down here.
The goblin is too close now for your liking.
A goblin is nearby!
A goblin is nearby!
A hobgoblin comes into view.
Aim: a goblin, wielding a club The zap hits the goblin.
You kill the goblin!
The hobgoblin shouts!
An adder comes into view.
You now have 6/7 mp.
Unknown command.
Aim: a hobgoblin The zap hits the hobgoblin.
You kill the hobgoblin!
A bat comes into view.
You now have 5/7 mp.
Unknown command.
Unknown command.
Unknown command.
Aim: an adder That beam is likely to hit you.
Continue anyway?
Okay, then.
The bat closely misses you. The adder completely misses you.
Aim: an adder The zap misses the adder.
The bat misses you. The adder bites you.
You take 1 damage, and have 20/21 hp.
You now have 4/7 mp.
Aim: an adder The zap hits the adder.
The bat barely misses you. The adder bites you. The bat hits you.
You take 2 damage, and have 18/21 hp.
You now have 3/7 mp.
Aim: an adder (moderately wounded)
The zap hits the adder.
The bat misses you. The adder bites you.
You are poisoned.
The adder poisons you! The adder closely misses you.
You take 3 damage, and have 15/21 hp.
You now have 2/7 mp.
Aim: an adder (heavily wounded)
The zap hits the adder.
You feel sick. The bat barely misses you. The adder bites you.
You are lethally poisoned!
The adder poisons you!
You take 3 damage, and have 12/21 hp.
You now have 1/7 mp.
Drink which item? (? for menu, Esc to quit)
It was a potion of resistance.
You feel protected.
You feel sick. The bat hits you but does no damage.
The adder barely misses you.
You take 1 damage, and have 11/21 hp.
You feel sick. The bat hits you but does no damage.
You take 1 damage, and have 10/21 hp.
The bat misses you. The adder bites you.
You feel sick. The bat closely misses you.
You take 1 damage, and have 9/21 hp.
You feel sick. The bat hits you.
You take 2 damage, and have 7/21 hp.
You feel quick. The bat hits you.
* * * LOW HITPOINT WARNING * * *
The adder barely misses you. The adder bites you but does no damage.
You take 1 damage, and have 6/21 hp.
You now have 0/7 mp.
Unknown command.
* * * LOW HITPOINT WARNING * * *
You feel sick. The bat barely misses you. The bat closely misses you.
You take 1 damage, and have 5/21 hp.
Unknown command.
The bat closely misses you.
* * * LOW HITPOINT WARNING * * *
You feel sick.
You take 1 damage, and have 4/21 hp.
The bat hits you but does no damage. The bat barely misses you.
There is a stone staircase leading up here.
* * * LOW HITPOINT WARNING * * *
You feel sick. The bat closely misses you.
You take 1 damage, and have 3/21 hp.
The bat hits you but does no damage.
A giant cockroach comes into view.
You start to feel a little slower.
The bat closely misses you.
* * * LOW HITPOINT WARNING * * *
You feel sick. The bat closely misses you.
You take 1 damage, and have 2/21 hp.
The bat closely misses you. The bat hits you.
* * * LOW HITPOINT WARNING * * *
You take 1 damage, and have 1/21 hp.
The bat closely misses you.
You die...

##.#.#.[.....##..# #######...###
##.#.#.###.......####.<..........
##.#.#.###...##...............<..
...#.PP.##..###.).#.#............
##P≈≈≈≈P≈...###.#...#######...###
P≈≈≈♣P≈≈≈.......##S## #...#
.P≈♣♣♣♣♣P.#.######.# ####...##
..≈♣ ♣P≈P..######b# #.......#
..≈♣ ♣≈P≈P.....@..# #.##....#
##P♣♣ ♣≈≈.P.######## # #.)....
..P≈♣♣♣≈P...# #.#..##
##.≈P≈≈≈≈...# #......
#.PPP......# ....... #.......#.##
......#. ###.#####.# ###...##.
#.....(.# ## .. #########


You could see a bat.

Vanquished Creatures
  An adder (D:1)
  3 bats
  A giant cockroach (D:2)
  4 goblins
  5 hobgoblins
  7 kobolds
  2 giant newts
  2 rats (D:1)
25 creatures vanquished.

Notes
Turn   | Place    | Note
--------------------------------------------------------------
     0 | D:1      | CcS the High Elf Air Elementalist began the quest for the Orb.
     0 | D:1      | Reached XP level 1. HP: 11/11 MP: 4/4
   103 | D:1      | HP: 2/11 [bat (1)]
   432 | D:1      | Reached skill level 2 in Conjurations
   634 | D:1      | Reached XP level 2. HP: 17/17 MP: 1/6
  1301 | D:1      | Reached skill level 3 in Conjurations
  1301 | D:1      | Reached XP level 3. HP: 17/21 MP: 2/7
  1341 | D:1      | Learned a level 2 spell: Repel Missiles
  1344 | D:1      | Learned a level 2 spell: Swiftness
  1383 | D:2      | Noticed Sigmund
  1917 | D:2      | HP: 5/21 [poisoned by an adder]
  1923 | D:2      | HP: 3/21 [poisoned by an adder]
  1929 | D:2      | HP: 1/21 [bat (1)]
  1931 | D:2      | Succumbed to an adder's poison

Action                   || total
-------------------------++-------
Melee: Unarmed           ||    18
       Hand axe          ||    22
 Cast: Shock             ||    44
       Swiftness         ||     1
  Use: Potion            ||     1
  Eat: Chunk             ||     3

Vault maps used:
D:1:      minmay_arrival_four_houses
D:2:      serial_bayou_pond_c, grunt_gozag_statues, uniq_crazy_yiuf_cottage,
          uniq_jessica, uniq_sigmund

Table legend:
 A = Turns spent in this place as a percentage of turns spent in the entire game.
 B = Non-inter-level travel turns spent in this place as a percentage of non-inter-level travel turns spent in the entire game.
 C = Inter-level travel turns spent in this place as a percentage of turns spent in this place.
 D = Turns resting spent in this place as a percentage of non-inter-level travel turns spent in this place.
 E = Turns spent auto-exploring this place as a percentage of non-inter-level travel turns spent in this place.
 F = Non-inter-level travel turns spent in this place divided by the number of levels of this place that you've seen.
                   A       B       C       D       E      F
               +-------+-------+-------+-------+-------+----------------------
         Total | 100.0 | 100.0 |   0.9 |   6.9 |   8.4 | 225.5
       Dungeon | 100.0 | 100.0 |   0.9 |   6.9 |   8.4 | 225.5
               +-------+-------+-------+-------+-------+----------------------

Table legend:
 A = Kills in this place as a percentage of kills in entire the game.
 B = Kills by you in this place as a percentage of kills by you in the entire game.
 C = Kills by friends in this place as a percentage of kills by friends in the entire game.
 D = Other kills in this place as a percentage of other kills in the entire game.
 E = Experience gained in this place as a percentage of experience gained in the entire game.
 F = Experience gained in this place divided by the number of levels of this place that you have seen.
                   A       B       C       D       E      F
               +-------+-------+-------+-------+-------+----------------------
         Total | 100.0 | 100.0 |  -nan |  -nan | 100.0 |  25.0
       Dungeon | 100.0 | 100.0 |  -nan |  -nan | 100.0 |  25.0
               +-------+-------+-------+-------+-------+----------------------
